 Dungeon Crawl Stone Soup version 0.29-a0-197-ge3fb4bd5a4 (webtiles) character file.

Game seed: 15060796704154658552

5845 Crownlay the Frost Mage (level 10, -2/75 HPs)
             Began as a Gnoll Ice Elementalist on Feb 22, 2022.
             Was a Follower of Uskayaw.
             Succumbed to a kobold brigand's curare-tipped dart
             ... on level 8 of the Dungeon.
             The game lasted 00:24:46 (8987 turns).

Crownlay the Frost Mage (Gnoll Ice Elementalist)    Turns: 8987, Time: 00:24:47

Health: -2/75      AC: 10    Str:  8    XL:     10   Next: 80%
Magic:  13/21      EV: 14    Int: 19    God:    Uskayaw [*.....]
Gold:   653        SH:  0    Dex: 12    Spells: 13/24 levels left

rFire   . . .      SeeInvis .   n - +0 shortbow
rCold   . . .      Faith    .   (shield currently unavailable)
rNeg    + . .      Spirit   +   H - +0 steam dragon scales
rPois   .          Reflect  .   A - +2 hat
rElec   .          Harm     .   t - +0 cloak
rCorr   .          Rampage  .   (no gloves)
Will    .....                   h - +0 pair of boots
Stlth   +++.......              x - amulet "Hooterinib" {Spirit Regen+}
HPRegen 1.02/turn               i - ring of positive energy
MPRegen 0.17/turn               (no ring)

@: lethally poisoned (-2 -> -13), slowed, very slow
A: fangs 1, strong nose, distributed training
a: Renounce Religion, Stomp


You were on level 8 of the Dungeon.
You worshipped Uskayaw.
Uskayaw was noncommittal.
You visited 2 branches of the dungeon, and saw 10 of its levels.
You also visited: Ossuary.

You collected 653 gold pieces.

Inventory:

Hand Weapons
 n - a +0 shortbow (weapon)
 G - a +2 short sword of holy wrath
Missiles
 E - 2 throwing nets
Armour
 h - a +0 pair of boots (worn)
 t - a +0 cloak (worn)
 A - a +2 hat (worn)
 H - +0 steam dragon scales (worn)
Jewellery
 i - a ring of positive energy (left hand)
 x - the amulet "Hooterinib" (around neck) {Spirit Regen+}
   (You found it on level 5 of the Dungeon)

   [amulet of guardian spirit]

   It causes incoming damage to be divided between your reserves of health and
   magic.
   Regen:     It increases your rate of health regeneration.
Wands
 z - a wand of flame (11)
 D - a wand of mindburst (7)
 F - a wand of polymorph (11)
Scrolls
 f - 2 scrolls of enchant armour
 g - a scroll of identify
 l - 3 scrolls of amnesia
 o - a scroll of holy word {unknown}
 p - 2 scrolls of magic mapping
 r - 2 scrolls of silence
 s - a scroll of immolation {unknown}
 u - 2 scrolls of teleportation
 w - 2 scrolls of vulnerability {unknown}
 y - 2 scrolls of fog {unknown}
 C - a scroll of brand weapon {unknown}
Potions
 b - a potion of ambrosia {unknown}
 c - 2 potions of degeneration {unknown}
 d - a potion of flight {unknown}
 e - a potion of berserk rage {unknown}
 j - 2 potions of mutation {unknown}
 k - 2 potions of lignification {unknown}
 m - 4 potions of curing
 q - a potion of resistance {unknown}
 v - a potion of invisibility {unknown}
 B - 2 potions of heal wounds


   Skills:
 + Level 5.6 Fighting
 + Level 5.6 Short Blades
 + Level 5.6 Long Blades
 + Level 5.6 Axes
 + Level 5.6 Maces & Flails
 + Level 5.6 Polearms
 + Level 5.6 Staves
 + Level 5.6 Slings
 + Level 5.6 Bows
 + Level 5.6 Crossbows
 + Level 5.6 Throwing
 + Level 5.6 Armour
 + Level 7.3 Dodging
 + Level 7.1 Stealth
 + Level 5.6 Shields
 + Level 5.6 Unarmed Combat
 + Level 7.6 Spellcasting
 + Level 4.6 Conjurations
 + Level 4.6 Hexes
 + Level 4.6 Summonings
 + Level 4.6 Necromancy
 + Level 4.6 Translocations
 + Level 4.6 Transmutations
 + Level 4.6 Fire Magic
 + Level 8.6 Ice Magic
 + Level 4.6 Air Magic
 + Level 4.6 Earth Magic
 + Level 4.6 Poison Magic
 + Level 6.2 Invocations
 + Level 5.6 Evocations


You had 13 spell levels left.
You knew the following spells:

 Your Spells              Type           Power      Damage    Failure   Level
a - Freeze                Ice            100%       1d11      1%          1
b - Frozen Ramparts       Ice            80%        1d10      1%          3
c - Ozocubu's Armour      Ice            40%        N/A       1%          3
d - Hailstorm             Conj/Ice       32%        3d8       6%          4

Your spell library contained the following spells:

 Spells                   Type           Power      Damage    Failure   Level
 Magic Dart               Conj           96%        1d7       1%          1
 Sting                    Tmut/Pois      96%        1d7       1%          1
 Corpse Rot               Necr/Air       48%        N/A       2%          2
 Poisonous Vapours        Pois/Air       48%        N/A       2%          2
 Scorch                   Fire           48%        2d7       2%          2
 Searing Ray              Conj           48%        2d6       2%          2
 Flame Wave               Conj/Fire      24%        2d7       14%         4
 Fulminant Prism          Conj/Hex       12%        3d9       14%         4
 Olgreb's Toxic Radiance  Pois           24%        N/A       14%         4
 Summon Cactus Giant      Summ           12%        N/A       91%         6


Dungeon Overview and Level Annotations

Branches:
Dungeon (9/15)             Temple (1/1) D:4            Lair (0/6) D:8
Ossuary (visited)
    Orc: D:9-12

Altars:
Ashenzari
Elyvilon
Fedhas
Gozag
Makhleb
Nemelex Xobeh
Okawaru
Sif Muna
Uskayaw
Vehumet
Xom
Yredelemnul

Shops:
D:1 [

Annotations:
D:6 1 runed translucent door, Crownlay's ghost, novice GnIE


Innate Abilities, Weirdness & Mutations

You have very sharp teeth.
Your uncanny sense of smell can sniff out nearby items.
Your experience applies equally to all skills.


Message History

You have difficulty breathing.
You feel as though you will be slow longer.
The kobold brigand throws a curare-tipped dart.
The curare-tipped dart hits you.
You are more poisoned.
You have difficulty breathing.
You feel as though you will be slow longer.
You shoot an arrow. The arrow hits the kobold.
You kill the kobold!
You feel extremely sick.
The kobold throws a stone.
The stone misses you.
You feel extremely sick.
The kobold throws a stone.
The stone barely misses you.
The kobold throws a stone.
The stone barely misses you.
You feel very sick.
The kobold brigand throws a curare-tipped dart.
The curare-tipped dart hits you.
You are more poisoned.
You have difficulty breathing.
You feel as though you will be slow longer.
The kobold throws a stone.
The stone barely misses you.
The kobold brigand throws a curare-tipped dart.
The curare-tipped dart hits you.
You are lethally poisoned!
You have difficulty breathing.
You feel as though you will be slow longer.
* * * LOW HITPOINT WARNING * * *
You feel extremely sick.
The kobold throws a stone.
The stone hits you but does no damage.
There is a stone staircase leading up here.
Shoot: n) +0 shortbow
Press: ? - help, Shift-Dir - straight line, f - kobold
Aim: a kobold, wielding a +0 dagger (55% to hit)
* * * LOW HITPOINT WARNING * * *
You feel extremely sick.
The kobold throws a stone.
The stone hits you but does no damage.
The kobold brigand throws a curare-tipped dart.
The curare-tipped dart barely misses you.
You climb upwards.
You die...

....................#............
.......#...........##............
.......##.........##.............
.......####.....####..##.....#...
......................##....#####
................#......#...##
##.#............##.....#####
.####.##....#...##.....#
...##...........@#.....#
....#..#...............#
...###.###>...........##
.....................###
...........#...........#
...........##.........##
............#.....#...#####
............#.....#.......##
...###.##...>..............#


There were no monsters in sight!

Vanquished Creatures
  Harold (D:7)
  Pikel (D:4)
  A hornet (D:8)
  Prince Ribbit (D:7)
  Sigmund (D:5)
  2 wyverns (D:8)
  4 yaks
  A basilisk (D:8)
  A steam dragon (D:8)
  A hornet zombie (D:6)
  A black bear (D:8)
  2 ice beasts
  3 sky beasts
  2 necrophages (D:5)
  6 ogres
  4 lemures (D:4)
  A bullfrog (D:7)
  2 wyvern zombies (D:8)
  2 scorpions
  A water moccasin skeleton (D:6)
  11 killer bees
  4 howler monkeys
  A centaur zombie (Ossuary)
  3 human zombies (Ossuary)
  A jelly (D:6)
  An orc priest (D:3)
  A bullfrog skeleton (D:6)
  A centaur skeleton (D:6)
  2 iguanas
  5 orc wizards
  A killer bee zombie (D:8)
  3 hound zombies (Ossuary)
  3 mummies (Ossuary)
  A howler monkey zombie (D:5)
  9 adders
  A shadow imp (D:6)
  A white imp (D:8)
  An ufetubus (D:7)
  2 adder zombies (Ossuary)
  22 orcs
  12 ball pythons
  5 endoplasms
  3 giant cockroaches
  4 gnoll zombies (Ossuary)
  A goblin (D:3)
  2 hobgoblins (D:2)
  2 jackals (D:4)
  6 quokkas
  3 bats
  2 frilled lizards
  A goblin zombie (Ossuary)
  4 hobgoblin zombies (Ossuary)
  4 jackal zombies (Ossuary)
  6 kobolds
  4 kobold zombies (Ossuary)
  An orc zombie (Ossuary)
  5 quokka zombies (Ossuary)
  8 rats
  3 rat zombies (Ossuary)
188 creatures vanquished.

Vanquished Creatures (others)
  2 plants (D:8)
2 creatures vanquished.

Grand Total: 190 creatures vanquished

Notes
Turn   | Place    | Note
-------+----------+-------------------------------------------
     0 | D:1      | Crownlay the Gnoll Ice Elementalist began the quest for the
                  | Orb.
     0 | D:1      | Reached XP level 1. HP: 13/13 MP: 6/6
   222 | D:1      | Reached XP level 2. HP: 11/19 MP: 7/7
   567 | D:1      | Found Jetid's Antique Armour Emporium.
  1079 | D:2      | Reached XP level 3. HP: 21/25 MP: 3/9
  1272 | D:2      | Reached skill level 5 in Spellcasting
  1427 | D:2      | Learned a level 3 spell: Frozen Ramparts
  1431 | D:2      | Learned a level 3 spell: Ozocubu's Armour
  1671 | D:3      | Reached skill level 1 in Fighting
  1671 | D:3      | Reached skill level 1 in Short Blades
  1671 | D:3      | Reached skill level 1 in Long Blades
  1671 | D:3      | Reached skill level 1 in Axes
  1671 | D:3      | Reached skill level 1 in Maces & Flails
  1671 | D:3      | Reached skill level 1 in Polearms
  1671 | D:3      | Reached skill level 1 in Staves
  1671 | D:3      | Reached skill level 1 in Slings
  1671 | D:3      | Reached skill level 1 in Bows
  1671 | D:3      | Reached skill level 1 in Crossbows
  1671 | D:3      | Reached skill level 1 in Throwing
  1671 | D:3      | Reached skill level 1 in Armour
  1671 | D:3      | Reached skill level 1 in Shields
  1671 | D:3      | Reached skill level 1 in Unarmed Combat
  1671 | D:3      | Reached skill level 1 in Invocations
  1671 | D:3      | Reached skill level 1 in Evocations
  1671 | D:3      | Reached XP level 4. HP: 32/32 MP: 6/11
  1785 | D:3      | Found a faded altar of an unknown god.
  1925 | D:3      | Reached skill level 1 in Conjurations
  1925 | D:3      | Reached skill level 1 in Hexes
  1925 | D:3      | Reached skill level 1 in Summonings
  1925 | D:3      | Reached skill level 1 in Necromancy
  1925 | D:3      | Reached skill level 1 in Translocations
  1925 | D:3      | Reached skill level 1 in Transmutations
  1925 | D:3      | Reached skill level 1 in Fire Magic
  1925 | D:3      | Reached skill level 1 in Air Magic
  1925 | D:3      | Reached skill level 1 in Earth Magic
  1925 | D:3      | Reached skill level 1 in Poison Magic
  2330 | D:3      | Found a blossoming altar of Fedhas.
  2408 | D:4      | Reached XP level 5. HP: 36/37 MP: 5/12
  2607 | D:4      | Found a staircase to the Ecumenical Temple.
  2613 | Temple   | Entered the Ecumenical Temple
  2633 | Temple   | Became a worshipper of Uskayaw the Reveller
  2731 | D:4      | Noticed an ogre
  2735 | D:4      | Reached * piety under Uskayaw
  2738 | D:4      | Reached ** piety under Uskayaw
  2741 | D:4      | Killed an ogre
  2867 | D:4      | Noticed a lemure
  2867 | D:4      | Noticed a lemure
  2871 | D:4      | Noticed a lemure
  2874 | D:4      | Noticed a lemure
  2875 | D:4      | Killed a lemure
  2877 | D:4      | Noticed Pikel
  2879 | D:4      | Killed a lemure
  2880 | D:4      | Killed a lemure
  2882 | D:4      | Killed a lemure
  2888 | D:4      | Reached *** piety under Uskayaw
  2891 | D:4      | Reached **** piety under Uskayaw
  2893 | D:4      | Killed Pikel
  2894 | D:4      | Reached skill level 5 in Dodging
  2894 | D:4      | Reached skill level 5 in Stealth
  2894 | D:4      | Reached XP level 6. HP: 14/46 MP: 3/14
  2894 | D:4      | Reached XP level 7. HP: 16/51 MP: 3/15
  3529 | D:5      | Entered Level 5 of the Dungeon
  3529 | D:5      | Found a radiant altar of Vehumet.
  3530 | D:5      | Found an opulent altar of Gozag.
  3530 | D:5      | Found a sparkling altar of Nemelex Xobeh.
  3543 | D:5      | Reached ***** piety under Uskayaw
  3545 | D:5      | Reached XP level 8. HP: 34/57 MP: 7/16
  3557 | D:5      | Reached ****** piety under Uskayaw
  3717 | D:5      | Noticed Sigmund
  3730 | D:5      | Killed Sigmund
  3733 | D:5      | Found a sand-covered staircase.
  3787 | Ossuary  | Entered an ossuary
  4783 | D:5      | Noticed a yak
  4829 | D:5      | Noticed a yak
  4877 | D:5      | Noticed a yak
  4884 | D:5      | Killed a yak
  4885 | D:5      | Reached XP level 9. HP: 59/65 MP: 12/18
  5231 | D:5      | Reached skill level 8 in Ice Magic
  5344 | D:5      | Found a shimmering blue altar of Sif Muna.
  5439 | D:5      | Identified the amulet "Hooterinib" {Spirit Regen+}
  6029 | D:6      | Reached skill level 5 in Invocations
  6130 | D:6      | Found a runed translucent door.
  6131 | D:6      | Noticed Crownlay's ghost (novice GnIE)
  6748 | D:7      | Noticed Prince Ribbit
  6764 | D:7      | Killed Prince Ribbit
  6765 | D:7      | Reached XP level 10. HP: 73/73 MP: 15/20
  6801 | D:7      | Learned a level 4 spell: Hailstorm
  7139 | D:7      | Reached skill level 5 in Fighting
  7139 | D:7      | Reached skill level 5 in Short Blades
  7139 | D:7      | Reached skill level 5 in Long Blades
  7139 | D:7      | Reached skill level 5 in Axes
  7139 | D:7      | Reached skill level 5 in Maces & Flails
  7139 | D:7      | Reached skill level 5 in Polearms
  7139 | D:7      | Reached skill level 5 in Staves
  7139 | D:7      | Reached skill level 5 in Slings
  7139 | D:7      | Reached skill level 5 in Bows
  7139 | D:7      | Reached skill level 5 in Crossbows
  7139 | D:7      | Reached skill level 5 in Throwing
  7139 | D:7      | Reached skill level 5 in Armour
  7139 | D:7      | Reached skill level 5 in Shields
  7139 | D:7      | Reached skill level 5 in Unarmed Combat
  7139 | D:7      | Reached skill level 5 in Evocations
  7563 | D:7      | Noticed Harold
  7609 | D:7      | Killed Harold
  7979 | D:8      | Found a white marble altar of Elyvilon.
  8368 | D:8      | Found a staircase to the Lair.
  8626 | D:8      | Paralysed by a hornet for 1 turns
  8987 | D:8      | Succumbed to a kobold brigand's curare-tipped dart

Illustrated notes

Levels and vault maps discovered:
D:1:      scummos_arrival_hexagon, layout_basic, serial_shops, shop
D:2:      layout_basic
D:3:      layout_rooms, lemuel_doored_altar, nicolae_ecumenical_snake_handling
D:4:      layout_gridville, minmay_temple_entry_butterflies, uniq_pikel
D:5:      layout_rooms, nicolae_sif_muna_condensation,
          chequers_temple_overflow_statue_of_worship, enter_ossuary_2,
          uniq_sigmund
D:6:      layout_basic, ebering_ghost_reflecting_pool
D:7:      layout_loops_ring, minmay_statues_item, uniq_prince_ribbit1,
          uniq_harold
D:8:      layout_cave_pools, elyvilon_altar_3, david_lair_generic
D:9:      layout_stronghold, hangedman_feature_mirror, minmay_checkerbox
Temple:   eino_temple_scatter_basement

Skill      XL: |  1  2  3  4  5  6  7  8  9 10 |
---------------+-------------------------------+-----
Spellcasting   | 5 6 7 |  7.6
Fighting       | 1 2 3 4 5 |  5.6
Short Blades   | 1 2 3 4 5 |  5.6
Long Blades    | 1 2 3 4 5 |  5.6
Axes           | 1 2 3 4 5 |  5.6
Maces & Flails | 1 2 3 4 5 |  5.6
Polearms       | 1 2 3 4 5 |  5.6
Staves         | 1 2 3 4 5 |  5.6
Slings         | 1 2 3 4 5 |  5.6
Bows           | 1 2 3 4 5 |  5.6
Crossbows      | 1 2 3 4 5 |  5.6
Throwing       | 1 2 3 4 5 |  5.6
Armour         | 1 2 3 4 5 |  5.6
Shields        | 1 2 3 4 5 |  5.6
Unarmed Combat | 1 2 3 4 5 |  5.6
Invocations    | 1 2 3 4 5 6 |  6.2
Evocations     | 1 2 3 4 5 |  5.6
Conjurations   | 1 2 3 4 |  4.6
Hexes          | 1 2 3 4 |  4.6
Summonings     | 1 2 3 4 |  4.6
Necromancy     | 1 2 3 4 |  4.6
Translocations | 1 2 3 4 |  4.6
Transmutations | 1 2 3 4 |  4.6
Fire Magic     | 1 2 3 4 |  4.6
Air Magic      | 1 2 3 4 |  4.6
Earth Magic    | 1 2 3 4 |  4.6
Poison Magic   | 1 2 3 4 |  4.6
Dodging        | 5 6 7 |  7.3
Stealth        | 5 6 7 |  7.1
Ice Magic      | 8 |  8.6

Action                   |  1- 3 |  4- 6 |  7- 9 | 10-12 || total
-------------------------+-------+-------+-------+-------++-------
Melee: Short sword       |    10 |    24 |   164 |    55 ||   253
       Bite              |       |     5 |    25 |     8 ||    38
       Punch             |       |       |     6 |     5 ||    11
       Unarmed           |       |       |       |    23 ||    23
 Fire: Shortbow          |    27 |    56 |   263 |   111 ||   457
 Cast: Freeze            |    24 |       |       |       ||    24
       Frozen Ramparts   |     1 |     5 |    50 |    20 ||    76
       Ozocubu's Armour  |       |     4 |    20 |    13 ||    37
  Use: Scroll            |       |       |     4 |     1 ||     5
       Potion            |       |       |       |     2 ||     2
 Stab: Sleeping          |     2 |       |     1 |       ||     3
       Paralysed         |       |     1 |     8 |     3 ||    12
Armor: Robe              |    10 |    10 |   116 |    34 ||   170
       Steam dragon scal |       |       |       |    18 ||    18
Dodge: Dodged            |    32 |    28 |   200 |   110 ||   370

Table legend: (Time is in decaauts)
 A = Elapsed time spent in this place.
 B = Non-inter-level travel time spent in this place.
 C = Inter-level travel time spent in this place.
 D = Time resting spent in this place.
 E = Time spent auto-exploring this place.
 F = Levels seen in this place.
 G = Mean time per level.
                   A        B        C        D        E       F      G
               +--------+--------+--------+--------+--------+-----+--------+
         Total |   9100 |   8867 |    233 |    134 |   7026 |  11 |  827.3 |
       Dungeon |   8071 |   7847 |    224 |    134 |   6289 |   9 |  896.8 |
        Temple |     30 |     21 |      9 |      0 |     10 |   1 |   30.0 |
       Ossuary |    998 |    998 |      0 |      0 |    727 |   1 |  998.0 |
               +--------+--------+--------+--------+--------+-----+--------+

Top non-repeatable levels by time:
     D:8: 1195 daAuts
     D:5: 1157 daAuts
     D:6: 1112 daAuts
     D:4: 1110 daAuts
     D:7: 1041 daAuts
 Ossuary: 998 daAuts
     D:3: 883 daAuts
     D:1: 837 daAuts
     D:2: 711 daAuts
  Temple: 30 daAuts
     D:9: 22 daAuts
